cohdb
Replays
Latest Replays
All Replays
Popular Replays
Top Player Replays
Match Explorer
How It Works
Community
CoH3 Stats
Reddit
Sign in to upload your games and track your stats! →
Sign in with Steam
Match 46289537
Unlisted
Match 46289537
Overview
Messages
Build Orders
End
Vickers Machine Gun Team
Construct Section Command Post
Selects Canadian Shock Battlegroup
Infantry Section
Infantry Section
Grenade Package
Selects Attacking Spirit
Selects Canadian Shock Section
Canadian Shock Section
Construct Platoon Command Post
Selects Incendiary Munitions
Construct Field Infirmary
Selects Pyrotechnics
6-pounder Anti-tank Gun Team
Unlock M3 Stuart Light Tanks
M3 Stuart Light Tank
M3 Stuart Light Tank
sewage bill
TeamSpeakUser
LITTLE TRICKSTER
Da Cracka Whacka
[DeanOfBao]hokkskyc
Nemesis28
ovuvuevuevue enyetuenwuevue ugbe
saruman
0
0
Comments
sign in to comment!
No comments posted yet!